 Dungeon Crawl Stone Soup version 0.24.0-1-gfbc8707 (webtiles) character file.

Game seed: 8069544932895920475, levelgen mode: deterministic

9886 Geeful the Cleaver (level 11, 0/99 HPs)
             Began as a Hill Orc Abyssal Knight on Nov 2, 2019.
             Was a High Priest of Lugonu.
             Slain by an ogre
             ... wielding a +0 giant spiked club
              (24 damage)
             ... on level 10 of the Dungeon.
             The game lasted 00:34:13 (13041 turns).

Geeful the Cleaver (Hill Orc Abyssal Knight)       Turns: 13041, Time: 00:34:13

Health: 0/99       AC: 15    Str: 19    XL:     11   Next: 53%
Magic:  18/18      EV:  6    Int: 12    God:    Lugonu [*****.]
Gold:   435        SH:  8    Dex: 12    Spells: 10/10 levels left

rFire    . . .     SeeInvis +   L - +5 war axe (elec)
rCold    . . .     Gourm    .   f - +0 buckler
rNeg     . . .     Faith    .   b - +0 plate armour {rPois}
rPois    +         Spirit   .   C - +0 hat {SInv}
rElec    .         Reflect  +   K - +0 cloak
rCorr    +         Harm     .   (no gloves)
MR       .....                  (no boots)
Stlth    ..........             y - amulet "Woth" {Reflect Dex+2 SH+2}
HPRegen  0.26/turn              h - ring of stealth
MPRegen  0.16/turn              p - ring of resist corrosion

@: slowed, studying Stealth, very slow
A: no striking features
a: Depart the Abyss, Bend Space, Banish, Corrupt, Enter the Abyss, Renounce
Religion, Convert to Beogh


You were on level 10 of the Dungeon.
You worshipped Lugonu.
Lugonu was extremely pleased with you.
You were not hungry.

You visited 1 branch of the dungeon, and saw 10 of its levels.
You visited the Abyss 1 time.

You collected 659 gold pieces.
You spent 224 gold pieces at shops.

Inventory:

Hand Weapons
 L - a +5 war axe of electrocution (weapon)
Missiles
 g - 49 poisoned darts (quivered)
 A - 5 atropa-tipped darts
Armour
 b - a +0 plate armour of poison resistance (worn)
 d - a +0 shield
 e - a +0 scale mail
 f - a +0 buckler (worn)
 t - a +1 helmet
 C - a +0 hat of see invisible (worn)
 K - a +0 cloak (worn)
Jewellery
 h - a ring of stealth (left hand)
 p - a ring of resist corrosion (right hand)
 y - the amulet "Woth" (around neck) {Reflect Dex+2 SH+2}
   (You bought it in a shop on level 6 of the Dungeon)

   [amulet of reflection]

   It shields you and reflects attacks.
   It affects your dexterity (+2).
   It affects your SH (+2).
Wands
 a - a wand of paralysis (8)
 u - a wand of digging (6)
 x - a wand of flame (14)
 z - a wand of random effects (17)
 D - a wand of scattershot (4)
 I - a wand of polymorph (11)
 J - a wand of iceblast (4)
Scrolls
 i - 2 scrolls of fear
 j - 2 scrolls of blinking
 k - 2 scrolls of identify
 l - 5 scrolls of magic mapping
 n - 4 scrolls of teleportation
 r - 4 scrolls of remove curse
 v - a scroll of enchant weapon
Potions
 m - a potion of resistance
 q - 5 potions of curing
 w - a potion of haste
 B - a potion of flight
 E - 2 potions of heal wounds
 F - a potion of invisibility
 G - 3 potions of magic
 H - 4 potions of mutation
Books
 s - a manual of Stealth
Comestibles
 c - 21 rations
 o - 3 chunks of flesh


   Skills:
 + Level 9.9 Fighting
 + Level 10.3 Axes
 + Level 8.7 Armour
 - Level 0.7 Dodging
 * Level 7.3 Stealth
 + Level 7.7 Shields
 + Level 10.2 Invocations


You had 10 spell levels left.
You didn't know any spells.
Your spell library contained the following spells:

 Spells                   Type           Power        Failure   Level  Hunger
 Flame Tongue             Conj/Fire      #....        100%        1    ##.....
 Infusion                 Chrm           #...         100%        1    ##.....
 Magic Dart               Conj           #...         100%        1    ##.....
 Shock                    Conj/Air       #...         100%        1    ##.....
 Blink                    Tloc           N/A          100%        2    ###....
 Call Imp                 Summ           #.......     100%        2    ###....
 Shroud of Golubria       Chrm/Tloc      #.....       100%        2    ###....
 Slow                     Hex            #.......     100%        2    ###....
 Song of Slaying          Chrm           #.......     100%        2    ###....
 Swiftness                Chrm/Air       #.......     100%        2    ###....
 Throw Flame              Conj/Fire      #.....       100%        2    ###....
 Conjure Flame            Conj/Fire      #.......     100%        3    ####...
 Inner Flame              Hex/Fire       #.......     100%        3    ####...
 Mephitic Cloud           Conj/Pois/Air  #.......     100%        3    ####...
 Regeneration             Chrm/Necr      #.........   100%        3    ####...
 Spectral Weapon          Hex/Chrm       #.......     100%        3    ####...
 Static Discharge         Conj/Air       #.......     100%        3    ####...
 Airstrike                Air            #.........   100%        4    #####..
 Sticky Flame             Conj/Fire      #.......     100%        4    #####..
 Fireball                 Conj/Fire      #.........   100%        5    ######.
 Lightning Bolt           Conj/Air       #.........   100%        5    ######.


Dungeon Overview and Level Annotations

Branches:
Dungeon (10/15)            Temple (0/1) D:7            Lair (0/6) D:8
    Orc: D:9-12

Altars:
Gozag
Hepliaklqana
Makhleb
Trog
Vehumet
Zin

Shops:
D:6 =


Message History

Lugonu accepts your kill.
You slash the orc! Lightning courses through the orc!!
You kill the orc!
Lugonu accepts your kill.
The orc priest shouts, "Surrender to Beogh and we'll let you live!"
You slash the orc!
You kill the orc!
Lugonu accepts your kill.
The orc wizard mumbles some strange words.
The orc wizard blinks!
A howler monkey skeleton comes into view.
You slice the orc!!
You kill the orc!
Lugonu accepts your kill.
The orc wizard points at you and mumbles some strange words.
You feel yourself slow down.
You hit the ogre.
The ogre is lightly wounded.
The ogre hits you with a +0 giant spiked club!!
You die...

###. ###... ##+
######### ..Z.### #..
#...#...### .Z.$$..
#.###.#.#.#.'.###oo$?...
#.(...#...#.#..@Oo..$...
#.#.#######.#####oo$$...
#.#.())(..#.# .......
#.#######(#.# #######
#.......#...#
####....#####
###...########
#............#
#............#


You could see an ogre, an orc priest, an orc wizard, 3 orcs, a bullfrog skeleton
and a howler monkey skeleton.

Vanquished Creatures
  A two-headed ogre (D:9)
  A moth of wrath (D:6)
  Joseph (D:9)
  A gargoyle (D:7)
  A hippogriff (D:8)
  A wraith (D:10)
  14 yaks
  A hungry ghost (D:8)
  9 orc warriors
  4 phantoms
  4 black bears
  A necrophage (D:7)
  4 centaurs
  5 ogres
  3 big kobolds
  3 bullfrogs
  A gnoll sergeant (D:7)
  A scorpion (D:6)
  5 wights
  A vampire bat (D:4)
  5 howler monkeys
  7 crimson imps
  A bullfrog zombie (D:6)
  2 centaur zombies
  A quasit (D:8)
  3 centaur skeletons
  5 orc priests
  5 hounds
  6 jellies
  12 orc wizards
  A gnoll shaman (D:5)
  2 bullfrog skeletons
  5 iguanas
  4 worker ants
  A killer bee zombie (D:5)
  A hound zombie (D:7)
  A hound skeleton (D:7)
  A worker ant zombie (D:9)
  Robin (D:4)
  8 gnolls
  11 adders
  A shadow imp (D:5)
  13 oozes
  An adder skeleton (D:5)
  2 adder zombies
  7 worms
  2 dart slugs
  3 fire bats (D:4)
  3 leopard geckos
  42 orcs
  2 spectral bats (D:4)
  3 bat skeletons (D:4)
  A bat zombie (D:4)
  5 giant cockroaches
  3 hobgoblins
  11 jackals
  28 kobolds
  8 quokkas
  A ball python (D:1)
  18 bats
  A bat simulacrum (D:4)
  6 frilled lizards
  19 goblins
  A jackal skeleton (D:7)
  A leopard gecko skeleton (D:5)
  9 rats
336 creatures vanquished.

Vanquished Creatures (others)
  A troll (D:8)
  An orc wizard (D:3)
  4 fungi (D:2)
  9 toadstools (D:2)
15 creatures vanquished.

Grand Total: 351 creatures vanquished

Notes
Turn   | Place    | Note
-------+----------+-------------------------------------------
     0 | Abyss:1  | Geeful the Hill Orc Abyssal Knight began the quest for the
                  | Orb.
     0 | Abyss:1  | Reached XP level 1. HP: 19/19 MP: 2/2
    56 | Abyss:1  | Noticed a ynoxinul
    70 | Abyss:1  | Noticed a neqoxec
    71 | D:1      | Escaped the Abyss
   270 | D:1      | Reached * piety under Lugonu
   535 | D:1      | Reached XP level 2. HP: 27/27 MP: 4/4
  1126 | D:2      | Reached XP level 3. HP: 33/33 MP: 5/5
  1316 | D:2      | Reached XP level 4. HP: 34/40 MP: 6/6
  1477 | D:2      | Reached XP level 5. HP: 30/47 MP: 7/7
  2062 | D:2      | Found a glowing silver altar of Zin.
  2502 | D:3      | Reached XP level 6. HP: 28/55 MP: 9/9
  2515 | D:3      | Reached skill level 5 in Fighting
  2515 | D:3      | Reached skill level 1 in Shields
  2519 | D:3      | Reached ** piety under Lugonu
  3764 | D:4      | Noticed Robin
  3792 | D:4      | Reached *** piety under Lugonu
  3803 | D:4      | Killed Robin
  3920 | D:4      | Reached skill level 5 in Axes
  3923 | D:4      | Reached XP level 7. HP: 60/61 MP: 10/10
  3961 | D:4      | Reached skill level 5 in Invocations
  5093 | D:5      | Entered Level 5 of the Dungeon
  5887 | D:5      | Reached skill level 5 in Armour
  5887 | D:5      | Reached XP level 8. HP: 70/70 MP: 12/12
  6382 | D:6      | Reached **** piety under Lugonu
  6865 | D:6      | Found Sidaef's Jewellery Boutique.
  6871 | D:6      | Bought the amulet "Woth" {Reflect Dex+2 SH+2} for 224 gold
                  | pieces
  6885 | D:6      | Noticed a moth of wrath
  6907 | D:6      | Found a bloodstained altar of Trog.
  6960 | D:6      | Killed a moth of wrath
  6960 | D:6      | Reached XP level 9. HP: 55/79 MP: 14/14
  7490 | D:6      | Reached skill level 5 in Shields
  8482 | D:7      | Found a staircase to the Ecumenical Temple.
  8831 | D:7      | Noticed a gargoyle
  9070 | D:7      | Killed a gargoyle
  9070 | D:7      | Reached XP level 10. HP: 45/90 MP: 16/16
  9096 | D:7      | Reached ***** piety under Lugonu
  9982 | D:8      | Reached skill level 1 in Stealth
 10018 | D:8      | Got a fine lapis lazuli ring
 10039 | D:8      | Identified the ring of Awoit {rCorr Str-2 Int+6} (You found
                  | it on level 8 of the Dungeon)
 10089 | D:8      | Identified a scroll of acquirement
 10445 | D:8      | Found an opulent altar of Gozag.
 10466 | D:8      | Found a hazy altar of Hepliaklqana.
 10471 | D:8      | Found a radiant altar of Vehumet.
 10565 | D:8      | Found a burning altar of Makhleb.
 10620 | D:8      | Found a staircase to the Lair.
 11485 | D:9      | Noticed Joseph
 11499 | D:9      | Killed Joseph
 11984 | D:9      | Reached skill level 5 in Stealth
 11990 | D:9      | Reached XP level 11. HP: 66/97 MP: 18/18
 12269 | D:9      | Reached skill level 10 in Axes
 12429 | D:9      | Noticed a two-headed ogre
 12436 | D:9      | Killed a two-headed ogre
 12436 | D:9      | Reached skill level 10 in Invocations
 12716 | D:10     | Entered Level 10 of the Dungeon
 13041 | D:10     | Slain by an ogre

Levels and vault maps discovered:
D:1:      roderic_crossed_star, layout_loops_ring, serial_forest,
          infiniplex_forest_clump_small, infiniplex_forest_zigzag_1,
          infiniplex_forest_straight_3, infiniplex_forest_lined_room_,
          infiniplex_forest_straight_3, infiniplex_forest_join,
          infiniplex_forest_corner_1
D:2:      cheibrodos_fertilizer, layout_loops_corners, lemuel_doored_altar
D:3:      layout_loops_corners, first_ration, st_stairs_6
D:4:      layout_basic, minmay_misc_feat_chi, goddamned_bats, uniq_robin
D:5:      minmay_spotlight, layout_basic
D:6:      minmay_inner_zag, layout_loops_corners, tgw_trog,
          minmay_shop_enchanted_jewellery, dk_noncrumbling_4, uniq_sigmund
D:7:      layout_loops_ring, minmay_temple_entry_slanted,
          minmay_manual_monstrance
D:8:      layout_basic, lemuel_crystal_altar, minitemple,
          grunt_lair_entry_orc_guard_hut
D:9:      layout_rooms, hangedman_little_slice_of_home, uniq_joseph
D:10:     layout_roguey [special_room_orc], chequers_mini_garden,
          minmay_stone_trees_small, hangedman_abyss_or_decor_passed,
          minmay_alternating_orb, uniq_nergalle

Skill      XL: |  1  2  3  4  5  6  7  8  9 10 11 |
---------------+----------------------------------+-----
Axes           | 3 4 5 7 8 9 10 | 10.3
Invocations    | 3 4 5 7 8 9 10 | 10.2
Fighting       | 4 5 6 7 8 9 |  9.9
Armour         | 3 4 5 6 7 8 |  8.7
Shields        | 1 3 4 6 7 |  7.7
Stealth        | 5 7 |  7.3
Dodging        | |  0.7

Action                   |  1- 3 |  4- 6 |  7- 9 | 10-12 || total
-------------------------+-------+-------+-------+-------++-------
Melee: Hand axe          |    81 |    67 |       |       ||   148
       War axe           |       |   223 |   442 |   466 ||  1131
Throw: Dart              |       |       |    31 |    11 ||    42
Invok: Depart the Abyss  |     1 |       |       |       ||     1
       Banish            |       |       |       |     1 ||     1
Evoke: Wand              |       |       |     1 |     6 ||     7
  Use: Scroll            |     5 |     4 |     6 |     6 ||    21
       Potion            |     2 |       |     4 |     1 ||     7
 Stab: Invisible         |       |       |       |     3 ||     3
  Eat: Chunk             |     1 |     9 |    14 |    11 ||    35
       Ration            |       |       |     1 |     2 ||     3
Armor: Scale mail        |    51 |   162 |   197 |       ||   410
       Skin              |     4 |    14 |       |       ||    18
       Plate armour      |       |       |     2 |   264 ||   266
Dodge: Dodged            |    48 |   154 |   186 |   105 ||   493
Block: Buckler           |       |    11 |   132 |   173 ||   316
       Reflection        |       |       |     6 |     3 ||     9
